 Dungeon Crawl Stone Soup version 0.30-a0-778-g2ef04afb54 (webtiles) character file.

Game seed: 11005222422829813994

683 funkygono the Magician (level 7, -2/36 HPs)
             Began as a Gargoyle Fire Elementalist on Feb 16, 2023.
             Was a Follower of Sif Muna.
             Slain by Ijyb
             ... wielding a +0 club
              (4 damage)
             ... on level 5 of the Dungeon.
             The game lasted 00:07:12 (5239 turns).

funkygono the Magician (Gargoyle Fire Elementalist) Turns: 5239, Time: 00:07:12

Health: -2/36      AC:  9    Str: 12    XL:     7   Next: 61%
Magic:  8/14       EV: 12    Int: 17    God:    Sif Muna [*.....]
Gold:   210        SH:  0    Dex: 10    Spells: 9/16 levels left

rFire   . . .      SeeInvis +    p - +3 quarterstaff (chaos)
rCold   . . .      Faith    .    (shield currently unavailable)
rNeg    + . .      Spirit   .    a - +0 robe
rPois   ∞          Reflect  .    (no helmet)
rElec   +          Harm     .    s - +2 cloak of Diwk {rCorr Stlth+}
rCorr   +          Rampage  .    (no gloves)
Will    .....                    (no boots)
Stlth   +++                      j - amulet of regeneration
HPRegen 1.06/turn                t - ring of see invisible
MPRegen 0.14/turn                (no ring)

@: no status effects
A: sickness immunity, AC +4, negative energy resistance 1, electricity
resistance, torment resistance 1, petrification resistance
a: Renounce Religion, Channel Magic


You were on level 5 of the Dungeon.
You worshipped Sif Muna.
Sif Muna was aware of your devotion.
You visited 2 branches of the dungeon, and saw 6 of its levels.
You also visited: Sewer.

You collected 210 gold pieces.

Inventory:

Hand Weapons
 m - a +0 mace
 p - a +3 quarterstaff of chaos (weapon)
Armour
 a - a +0 robe (worn)
 q - a +2 cloak of poison resistance
 s - the +2 cloak of Diwk (worn) {rCorr Stlth+}
   (You found it on level 4 of the Dungeon)

   rCorr:     It protects you from acid and corrosion.
   Stlth:     It makes you more stealthy.
Jewellery
 j - an amulet of regeneration (around neck)
 t - a ring of see invisible (left hand)
 x - an amulet of reflection
Wands
 v - a wand of light (15)
Scrolls
 e - 6 scrolls of teleportation {unknown}
 g - a scroll of poison {unknown}
 h - 7 scrolls of identify {unknown}
 o - 2 scrolls of immolation {unknown}
 r - 2 scrolls of fog {unknown}
 w - a scroll of blinking {unknown}
 y - a scroll of fear {unknown}
 z - a scroll of acquirement {unknown}
 A - a scroll of brand weapon {unknown}
 C - a scroll of enchant weapon {unknown}
Potions
 b - 2 potions of magic
 c - 6 potions of heal wounds {unknown}
 d - 5 potions of mutation {unknown}
 f - a potion of might {unknown}
 i - 2 potions of flight {unknown}
 k - 3 potions of attraction {unknown}
 l - 2 potions of curing {unknown}
 n - 2 potions of degeneration {unknown}
 u - a potion of haste {unknown}
 B - a potion of berserk rage {unknown}


   Skills:
 + Level 0.3(0.4) Maces & Flails
 + Level 0.3(0.4) Staves
 + Level 2.2 Dodging
 + Level 2.5 Stealth
 + Level 5.2 Spellcasting
 + Level 3.7 Conjurations
 + Level 5.2 Fire Magic


You had 9 spell levels left.
You knew the following spells:

 Your Spells              Type           Power      Damage    Failure   Level
a - Foxfire               Conj/Fire      76%        2x1d7     2%          1
b - Scorch                Fire           44%        2d7       2%          2
c - Flame Wave            Conj/Fire      19%        2d7       22%         4

Your spell library contained the following spells:

 Spells                   Type           Power      Damage    Failure   Level
 Static Discharge         Conj/Air       20%        2-3/arc   10%         2
 Beastly Appendage        Tmut           8%         N/A       14%         1
 Sandblast                Erth           8%         2d5       14%         1
 Inner Flame              Hex/Fire       13%        N/A       14%         3
 Stone Arrow              Conj/Erth      20%        3d8       19%         3
 Kindle Blastsparks       Fire/Tloc/Air  20%        2d11      21%         3
 Passwall                 Tmut/Erth      3%         N/A       22%         2
 Wereblood                Tmut           4%         N/A       22%         2
 Spider Form              Tmut/Pois      4%         N/A       38%         3
 Vhi's Electric Charge    Tloc/Air       8%         N/A       38%         3
 Arcjolt                  Conj/Air       5%         1d15      87%         5
 Lightning Bolt           Conj/Air       5%         1d17      87%         5


Dungeon Overview and Level Annotations

Branches:
Dungeon (5/15)             Temple (1/1) D:4           Sewer (visited)

Altars:
Cheibriados
Dithmenos
Fedhas
Nemelex Xobeh
Ru
Sif Muna
Trog
Wu Jian
Xom

Shops:
D:1 =

Annotations:
D:5 Ijyb


Innate Abilities, Weirdness & Mutations

You are immune to sickness and miasma.
Your stone body is resilient. (AC +4)
You are immune to poison.
You resist negative energy. (rN+)
You are resistant to electric shocks. (rElec)
You are resistant to unholy torment.
You are immune to petrification.


Message History

You feel less confused.
You closely miss the adder.
The adder is severely wounded.
The adder barely misses you.
Ijyb zaps a wand.
The bolt of light hits you but does no damage.
The adder misses you.
You barely miss the adder.
The adder is severely wounded.
Ijyb hits you but does no damage. The adder bites you but does no damage.
Ijyb closely misses you.
You hit Ijyb.
Ijyb seems to speed up.
Ijyb is moderately wounded.
The adder bites you.
* * * LOW HITPOINT WARNING * * *
Ijyb closely misses you. The adder bites you but does no damage.
Ijyb misses you.
You closely miss Ijyb.
Ijyb is moderately wounded.
The adder closely misses you. Ijyb hits you with a +0 club.
* * * LOW HITPOINT WARNING * * *
The adder bites you.
* * * LOW HITPOINT WARNING * * *
Ijyb barely misses you.
You closely miss Ijyb.
Ijyb is moderately wounded.
Ijyb barely misses you. The adder closely misses you.
You hit Ijyb but do no damage.
Space warps around Ijyb.
Ijyb is heavily wounded.
Ijyb hits you with a +0 club.
* * * LOW HITPOINT WARNING * * *
The adder barely misses you. Ijyb closely misses you. The adder misses you.
Casting: Foxfire (safe; 2% risk of failure)
Confirm with . or Enter, or press ? or * to list all spells.
Flames lash the adder.
You kill the adder!
Sif Muna accepts your kill.
Ijyb zaps a wand.
The bolt of light hits you!
* * * LOW HITPOINT WARNING * * *
Ijyb hits you with a +0 club.
You die...

#.#.......##
#.## #.
#.##.....###.#
#. #. #
##...## #.# #.
#. ##.## #.#
#. #. #.## #.#
..# #.#.## #.#
...
#.###.###.#
..... ..#
##.##.## ..#..
.## #.###@.#
.### #
#.#..g..#
#.#.####.#
#.#. .# . ..
.# #.#.. .. #
..# .. ##S .#.
#. .#.


You could see Ijyb (fast).

Vanquished Creatures
  Duvessa (D:4)
  A phantom (D:5)
  Dowan (D:4)
  4 hounds
  Crazy Yiuf (D:3)
  Terence (D:3)
  2 iguanas (D:4)
  3 orc wizards
  A hell rat (Sewer)
  4 adders
  A river rat (Sewer)
  5 dart slugs
  4 orcs
  3 bats
  4 endoplasms
  5 giant cockroaches
  7 goblins
  2 hobgoblins
  4 jackals (D:3)
  8 kobolds
  11 quokkas
  9 ball pythons
  10 rats
92 creatures vanquished.

Vanquished Creatures (others)
  342 foxfires
342 creatures vanquished.

Grand Total: 434 creatures vanquished

Notes
Turn   | Place    | Note
-------+----------+-------------------------------------------
     0 | D:1      | funkygono the Gargoyle Fire Elementalist began the quest
                  | for the Orb.
     0 | D:1      | Reached XP level 1. HP: 10/10 MP: 3/3
   232 | D:1      | Reached XP level 2. HP: 15/15 MP: 1/5
   235 | D:1      | Learned a level 2 spell: Scorch
   659 | D:1      | Found Aghantosump's One-of-a-Kind Rings.
   665 | D:1      | Reached XP level 3. HP: 14/19 MP: 0/6
  1375 | D:2      | Found a faded altar of an unknown god.
  1746 | D:2      | Reached XP level 4. HP: 24/24 MP: 1/8
  1751 | D:2      | Learned a level 4 spell: Flame Wave
  2256 | D:3      | Found an ornate altar of the Wu Jian Council.
  2412 | D:3      | Found a bloodstained altar of Trog.
  2707 | D:3      | Noticed Terence
  2717 | D:3      | Killed Terence
  2718 | D:3      | Reached XP level 5. HP: 26/28 MP: 1/10
  2813 | D:3      | Found a runed translucent door.
  2814 | D:3      | Noticed Crazy Yiuf
  2902 | D:3      | Found a shimmering blue altar of Sif Muna.
  2911 | D:3      | Became a worshipper of Sif Muna the Loreminder
  3606 | D:3      | Killed Crazy Yiuf
  3607 | D:3      | Reached XP level 6. HP: 14/32 MP: 3/12
  3907 | D:4      | Noticed Dowan
  4024 | D:4      | Killed Dowan
  4077 | D:4      | Found a staircase to the Ecumenical Temple.
  4099 | Temple   | Entered the Ecumenical Temple
  4246 | D:4      | Noticed Duvessa
  4257 | D:4      | Killed Duvessa
  4258 | D:4      | Reached XP level 7. HP: 18/36 MP: 1/14
  4368 | D:4      | Identified the +2 cloak of Diwk {rCorr Stlth+}
  4659 | D:5      | Entered Level 5 of the Dungeon
  4775 | D:5      | Reached skill level 5 in Spellcasting
  4854 | D:5      | Reached skill level 5 in Fire Magic
  4912 | D:5      | Found a glowing drain.
  4916 | Sewer    | Entered a sewer
  5226 | D:5      | Noticed Ijyb
  5229 | D:5      | Reached * piety under Sif Muna
  5239 | D:5      | Slain by Ijyb

Illustrated notes

Levels and vault maps discovered:
D:1:      lordsloth_arrival_two_stooges, layout_basic, nicolae_shop_unique_rings
D:2:      layout_basic, hellmonk_ecumenical_altar_arch_garden
D:3:      minmay_evil_eye, layout_loops_corners, nicolae_sif_muna_condensation,
          mainiacjoe_overflow_brackets, bloody_trog, uniq_terence,
          uniq_crazy_yiuf_cottage
D:4:      layout_cave_pools, minmay_temple_entry_arrows,
          amcnicky_mini_rare_corridor_liquid, uniq_duvessa
D:5:      layout_loops_ring, vehumet_crystals, gup_sewer_entry_bowl, uniq_ijyb
Temple:   nicolae_temple_bog_church

Skill      XL: |  1  2  3  4  5  6  7 |
---------------+----------------------+-----
Spellcasting   | 3 4 5 |  5.2
Conjurations   | 2 3 |  3.7
Fire Magic     | 4 5 |  5.2
Dodging        | 2 |  2.2
Maces & Flails | |  0.3
Staves         | |  0.3
Stealth        | |  2.5

Action                     |  1- 3 |  4- 6 |  7- 9 || total
---------------------------+-------+-------+-------++-------
  Melee: Club              |     4 |       |       ||     4
         Mace              |       |     2 |       ||     2
         Quarterstaff      |       |     3 |    12 ||    15
   Cast: Foxfire           |    68 |   103 |    33 ||   204
         Scorch            |     7 |    13 |     8 ||    28
 Armour: Robe              |     5 |     6 |    14 ||    25
  Dodge: Dodged            |     8 |    11 |    21 ||    40

Table legend: (Time is in decaauts)
 A = Elapsed time spent in this place.
 B = Non-inter-level travel time spent in this place.
 C = Inter-level travel time spent in this place.
 D = Time resting spent in this place.
 E = Time spent auto-exploring this place.
 F = Levels seen in this place.
 G = Mean time per level.
                   A        B        C        D        E       F      G
               +--------+--------+--------+--------+--------+-----+--------+
         Total |   5260 |   5132 |    128 |    218 |   4113 |   7 |  751.4 |
       Dungeon |   5045 |   4923 |    122 |    218 |   3964 |   5 | 1009.0 |
        Temple |      9 |      4 |      5 |      0 |      2 |   1 |    9.0 |
         Sewer |    206 |    206 |      0 |      0 |    147 |   1 |  206.0 |
               +--------+--------+--------+--------+--------+-----+--------+

Top non-repeatable levels by time:
     D:3: 1650 daAuts
     D:1: 1375 daAuts
     D:4: 863 daAuts
     D:2: 763 daAuts
     D:5: 392 daAuts
   Sewer: 206 daAuts
  Temple: 9 daAuts
